 Dungeon Crawl Stone Soup version 0.24-a0-549-g45f0056 (webtiles) character file.

Game seed: 14895239509881810400

983 Spazmo the Magician (level 7, -2/36 HPs)
             Began as a Deep Elf Fire Elementalist on Aug 19, 2019.
             Slain by an iguana (6 damage)
             ... on level 6 of the Dungeon.
             The game lasted 00:11:07 (4766 turns).

Spazmo the Magician (Deep Elf Fire Elementalist)    Turns: 4766, Time: 00:11:08

Health: -2/36      AC:  2    Str:  3 (5)  XL:     7   Next: 96%
Magic:  13/20      EV: 12    Int: 19 (22) God:
Gold:   272        SH:  0    Dex: 12 (15) Spells: 6/21 levels left

rFire    + . .     SeeInvis .   h - +0 short sword
rCold    + . .     Gourm    .   (no shield)
rNeg     . . .     Faith    .   n - +0 robe {rF+}
rPois    .         Spirit   .   (no helmet)
rElec    .         Reflect  .   (no cloak)
rCorr    .         Harm     .   (no gloves)
MR       .....                  (no boots)
Stlth    ++........             l - amulet of regeneration
HPRegen  0.52/turn              p - ring of protection from cold
MPRegen  0.17/turn              (no ring)

@: no status effects
A: no striking features
a: no special abilities


You were on level 6 of the Dungeon.
You were not hungry.

You visited 2 branches of the dungeon, and saw 7 of its levels.

You collected 272 gold pieces.

Inventory:

Hand Weapons
 h - a +0 short sword (weapon)
Missiles
 b - 171 stones (quivered)
Armour
 n - a +0 robe of fire resistance (worn)
 t - the cursed +0 robe of Trog's Condemnation {rElec rCorr Slay-6}
   (You found it on level 6 of the Dungeon)

   It affects your accuracy and damage with ranged weapons and melee attacks
   (-6).
   It insulates you from electricity.
   It provides partial protection from all sources of acid and corrosion.
   It has a curse placed upon it.
Jewellery
 l - an amulet of regeneration (around neck)
 p - a ring of protection from cold (left hand)
Scrolls
 e - a scroll of amnesia
 f - 5 scrolls of identify
 i - a scroll of blinking {unknown}
 o - 3 scrolls of teleportation
 r - 2 scrolls of remove curse
Potions
 a - a potion of resistance
 d - a potion of heal wounds
 g - a potion of cancellation {unknown}
 j - a potion of invisibility {unknown}
 k - a potion of flight {unknown}
 q - a potion of ambrosia {unknown}
 s - 2 potions of curing
Comestibles
 c - 12 rations
 m - 3 chunks of flesh


   Skills:
 - Level 2.4 Dodging
 - Level 2.4 Stealth
 + Level 7.5 Spellcasting
 + Level 5.8 Conjurations
 + Level 6.6 Fire Magic


You had 6 spell levels left.
You knew the following spells:

 Your Spells              Type           Power        Failure   Level  Hunger
a - Flame Tongue          Conj/Fire      ####.        1%          1    None
b - Throw Flame           Conj/Fire      ####..       1%          2    None
c - Conjure Flame         Conj/Fire      ####....     2%          3    #......
d - Sticky Flame          Conj/Fire      ####....     8%          4    ###....
e - Fireball              Conj/Fire      ####......   21%         5    #####..

Your spell library contained the following spells:

 Spells                   Type           Power        Failure   Level  Hunger
 Inner Flame              Hex/Fire       ###.....     8%          3    #......


Dungeon Overview and Level Annotations

Branches:
Dungeon (6/15)             Temple (1/1) D:4

Altars:
Ashenzari
Cheibriados
Dithmenos
Fedhas
Kikubaaqudgha
Makhleb
Nemelex Xobeh
Okawaru
Qazlal
Ru
Sif Muna
Uskayaw
Xom
Yredelemnul
Zin
The Shining One


Message History

The iguana bites you!
The frilled lizard bites the plant but does no damage.
Casting: Flame Tongue (safe; 1% risk of failure)
Confirm with . or Enter, or press ? or * to list all spells.
Aiming: Flame Tongue (safe; 1% risk of failure)
Press: ? - help, Shift-Dir - straight line, f/p - iguana
Aim: an iguana (almost dead)
The flame tongue misses the iguana.
The iguana bites you!
* * * LOW HITPOINT WARNING * * *
The frilled lizard bites the plant but does no damage.
Some of the chunks of flesh in your inventory have rotted away.
Casting: Flame Tongue (safe; 1% risk of failure)
Confirm with . or Enter, or press ? or * to list all spells.
Aiming: Flame Tongue (safe; 1% risk of failure)
Press: ? - help, Shift-Dir - straight line, f/p - iguana
Aim: an iguana (almost dead)
The flame tongue hits the iguana.
The iguana is almost dead.
The iguana bites you.
You die...

#
.............######.
##.#...........'.#
.#.#.#####.....#.#
...#.# #.....#.#
..##.# #.....#.#
#)##.###########.#
........# #.#
...)....# #.##
...)....# #@.#
....)...# #.lP#
##+#'####


##Pl.PP #.#(# .P....# #...# #.P..P. ###..# P...## ....># ##### .....# ###..# You
could see an iguana and a frilled lizard.

Vanquished Creatures
  Sigmund (D:3)
  An ogre (D:4)
  A centaur (D:5)
  A water moccasin zombie (D:5)
  A killer bee (D:2)
  A quasit (D:6)
  A bullfrog skeleton (D:5)
  3 orc priests (D:4)
  Jessica (D:2)
  An orc wizard (D:4)
  Terence (D:3)
  3 worker ants
  A hound skeleton (D:4)
  3 gnolls (D:6)
  A howler monkey skeleton (D:5)
  7 adders
  2 shadow imps (D:5)
  An ooze (D:1)
  An adder skeleton (D:5)
  2 worms (D:2)
  5 dart slugs
  13 leopard geckos
  11 orcs
  9 giant cockroaches
  13 goblins
  9 hobgoblins
  5 jackals
  4 kobolds
  4 quokkas
  A ball python (D:2)
  2 bats (D:2)
  2 frilled lizards
  A jackal zombie (D:5)
  A leopard gecko skeleton (D:5)
  7 rats
121 creatures vanquished.

Notes
Turn   | Place    | Note
-------+----------+-------------------------------------------
     0 | D:1      | Spazmo the Deep Elf Fire Elementalist began the quest for
                  | the Orb.
     0 | D:1      | Reached XP level 1. HP: 10/10 MP: 6/6
   201 | D:1      | Reached XP level 2. HP: 15/15 MP: 5/8
   205 | D:1      | Learned a level 2 spell: Throw Flame
   523 | D:1      | Reached XP level 3. HP: 19/19 MP: 7/10
   528 | D:1      | Learned a level 3 spell: Conjure Flame
   746 | D:2      | Found a faded altar of an unknown god.
   825 | D:2      | Noticed a killer bee
   831 | D:2      | Killed a killer bee
   831 | D:2      | Reached skill level 4 in Spellcasting
   831 | D:2      | Reached XP level 4. HP: 6/24 MP: 4/12
  1341 | D:2      | Reached XP level 5. HP: 28/28 MP: 8/14
  1347 | D:2      | Learned a level 4 spell: Sticky Flame
  1431 | D:2      | Noticed Jessica
  1443 | D:2      | Killed Jessica
  1720 | D:3      | Reached skill level 5 in Spellcasting
  1756 | D:3      | Noticed Terence
  1764 | D:3      | Killed Terence
  1824 | D:3      | Found a sacrificial altar of Ru.
  2166 | D:3      | Found a shimmering altar of Xom.
  2405 | D:3      | Noticed Sigmund
  2410 | D:3      | Killed Sigmund
  2410 | D:3      | Reached skill level 5 in Fire Magic
  2410 | D:3      | Reached XP level 6. HP: 24/32 MP: 7/16
  2427 | D:3      | Learned a level 5 spell: Fireball
  2634 | D:4      | Found a blossoming altar of Fedhas.
  2833 | D:4      | Reached skill level 6 in Spellcasting
  2881 | D:4      | Found a staircase to the Ecumenical Temple.
  2891 | Temple   | Entered the Ecumenical Temple
  3358 | D:4      | Reached XP level 7. HP: 13/36 MP: 11/18
  3671 | D:4      | Reached skill level 5 in Conjurations
  3874 | D:5      | Entered Level 5 of the Dungeon
  3927 | D:5      | Reached skill level 7 in Spellcasting
  4254 | D:5      | Found a shimmering blue altar of Sif Muna.
  4289 | D:5      | Got a crystal war axe
  4290 | D:5      | Identified the +3 war axe of a Million People {drain, rElec
                  | rC+ MP-9 Int+8} (You found it on level 5 of the Dungeon)
  4634 | D:6      | Got a ripped robe
  4635 | D:6      | Identified the cursed +0 robe of Trog's Condemnation {rElec
                  | rCorr Slay-6} (You found it on level 6 of the Dungeon)
  4766 | D:6      | Slain by an iguana

Levels and vault maps discovered:
D:1:      dpeg_arrival_tiny_c, layout_loops_cross
D:2:      layout_loops_ring, chequers_ecumenical_altar_simple,
          minmay_divided_ellipse, uniq_jessica
D:3:      layout_basic, lemuel_crystal_altar, nicolae_ru_path_of_blood,
          first_ration, chequers_serial_rivers_room_b, uniq_sigmund,
          uniq_terence
D:4:      layout_basic, minmay_temple_entry_mist, fedhas_altar_1
D:5:      layout_rooms, led_sif_pool
D:6:      layout_basic, lemuel_crystal_altar, gammafunk_temple_overflow_wave,
          serial_glass, glass_columns_c, glass_columns_a, glass_columns_a,
          glass_columns_b, minmay_misc_feat_room, minmay_lizard_king
Temple:   chequers_temple_sunken

Skill      XL: |  1  2  3  4  5  6  7 |
---------------+----------------------+-----
Conjurations   | 2 3 4 5 |  5.8
Spellcasting   | 4 5 6 7 |  7.5
Fire Magic     | 4 5 6 |  6.6
Dodging        | |  2.4
Stealth        | |  2.4

Action                   |  1- 3 |  4- 6 |  7- 9 || total
-------------------------+-------+-------+-------++-------
Melee: Club              |     2 |       |       ||     2
       Short sword       |       |       |     6 ||     6
Throw: Stone             |     3 |       |       ||     3
 Cast: Flame Tongue      |    46 |    96 |    70 ||   212
       Throw Flame       |       |    17 |    17 ||    34
       Sticky Flame      |       |     1 |     6 ||     7
  Use: Scroll            |     4 |     1 |     4 ||     9
       Potion            |     1 |     1 |     2 ||     4
  Eat: Chunk             |       |     7 |     5 ||    12
Armor: Robe              |       |     4 |     2 ||     6
Dodge: Dodged            |     9 |    13 |    10 ||    32

Table legend:
 A = Non-vault XP
 B = Vault XP
 C = Vault XP percentage of total XP
 D = Non-vault monster count
 E = Vault monster count
 F = Vault count percentage of total count
                 A         B        C        D         E       F
            +---------+---------+-------+---------+---------+-------
      Total |    1017 |     388 |  27.6 |     103 |      18 |  14.9
            +---------+---------+-------+---------+---------+-------
        D:1 |      46 |       0 |   0.0 |      20 |       0 |   0.0
        D:2 |      54 |     143 |  72.6 |      20 |      14 |  41.2
        D:3 |      41 |     241 |  85.5 |      15 |       2 |  11.8
        D:4 |     397 |       0 |   0.0 |      25 |       0 |   0.0
        D:5 |     333 |       0 |   0.0 |      13 |       0 |   0.0
        D:6 |     146 |       4 |   2.7 |      10 |       2 |  16.7
            +---------+---------+-------+---------+---------+-------
